 Dungeon Sprint DCSS version 0.13-a0-2676-gd993d8a (webtiles) character file.

3153 Daniel the Bludgeoner (level 10, 0/80 HPs)
             Began as a Human Fighter on Aug 12, 2013.
             Was an Elder of Okawaru.
             Slain by an ufetubus (2 damage)
             ... in the Dungeon (Sprint VII: "The Pits").
             The game lasted 00:07:12 (2081 turns).

Daniel the Bludgeoner (Human Fighter)               Turns: 2081, Time: 00:07:12

HP   0/80        AC 18     Str 19      XL: 10   Next: 14%
MP   9/9         EV  6     Int 10      God: Okawaru [****..]
Gold 20          SH 23     Dex 12      Spells:  0 memorised,  9 levels left

Res.Fire  : . . .   See Invis. : .   r - +0,+2 flail (crush)
Res.Cold  : . . .   Warding    : .   y - +4 chain mail
Life Prot.: . . .   Conserve   : .   c - +0 shield
Res.Poison: .       Res.Corr.  : .   x - +0 helmet
Res.Elec. : .       Clarity    : .   (no cloak)
Sust.Abil.: . .     Spirit.Shd : .   (no gloves)
Res.Mut.  : .       Prev.Telep.: +   w - +0 pair of boots
Res.Rott. : .       Flight     : .   (no amulet)
Saprovore : . . .                    (no ring)
                                     (no ring)

@: mildly poisoned, slowed, flayed, very slow, somewhat resistant to hostile
enchantments, extremely unstealthy
A: no striking features
a: Heroism, Renounce Religion


You were in the Dungeon.
You worshipped Okawaru.
Okawaru was extremely pleased with you.
You were not hungry.

You visited 1 branch

Inventory:

Hand weapons
 r - a +0,+2 flail of crushing (weapon)
Armour
 c - a +0 shield (worn)
 w - a +0 pair of boots (worn)
 x - a +0 helmet (worn)
 y - a +4 chain mail (worn)
Comestibles
 d - 7 bread rations
 k - 7 meat rations
 l - 40 strawberries
Scrolls
 j - a scroll of blinking
 m - 3 scrolls of remove curse
 n - a scroll of summoning
 o - 2 scrolls of vulnerability
Jewellery
 g - a +3 ring of evasion
 s - a +3 ring of protection
Potions
 e - 2 potions of curing
 f - 9 potions of heal wounds
 h - 4 potions of magic
 i - 3 potions of berserk rage
 p - 2 potions of invisibility
 t - a potion of cure mutation
 u - a potion of agility
 v - a potion of speed


   Skills:
 + Level 9.8 Fighting
 - Level 15.2 Maces & Flails
 + Level 9.8 Armour
 + Level 9.8 Shields


You had 9 spell levels left.
You didn't know any spells.

Dungeon Overview and Level Annotations

Branches:
Dungeon (1/1)

Altars:
Ashenzari
Cheibriados
Elyvilon
Fedhas
Kikubaaqudgha
Makhleb
Nemelex Xobeh
Okawaru
Sif Muna
Trog
Vehumet
Xom
Yredelemnul
Zin
the Shining One
Beogh
Jiyva
Lugonu

Annotations
D Gastronok


Message History

The jumping spider is severely wounded.
* * * LOW HITPOINT WARNING * * *
You feel sick.
The red wasp stings you but does no damage.
The jumping spider barely misses you. You block the jumping spider's attack.
The ufetubus hits you but does no damage.
The ufetubus closely misses you. The red wasp closely misses you.
You block the jumping spider's attack.
The jumping spider bites you but does no damage.
Unknown command.
Unknown command.
You barely miss the jumping spider.
The jumping spider is severely wounded.
* * * LOW HITPOINT WARNING * * *
You feel sick. You block the ufetubus' attack.
The ufetubus hits you but does no damage.
You block the red wasp's attack. The jumping spider pounces on you!
* * * LOW HITPOINT WARNING * * *
The jumping spider barely misses you. The ufetubus hits you.
You die...

##......#..#......#
##................+
)'................+
##......#..#......#
##........(.......#
#####'#####''######
##.......##('#########
##.......##.....sy...#
##.......##.....@5p..+
##...<...##..#####M..#####+
##.......##..+ #.........
##.......##..# #p§......#
##.......##..# #.#####..#
###########..# #.M.p.# .
###########........#...+
....#..[.##......§.#...#
....#...)###+###...# ..#


You could see a flayed ghost, a red wasp, a jumping spider, a mummy and an
ufetubus.

Vanquished Creatures
  An orc knight (D)
  A cyclops (D)
  A griffon (D)
  A smoke demon (D)
  A jumping spider (D)
  A two-headed ogre (D)
  A hippogriff (D)
  Purgy (D)
  4 orc warriors (D)
  An ogre (D)
  2 sky beasts (D)
  A water moccasin (D)
  4 wights (D)
  A hound (D)
  An iguana (D)
  A worker ant (D)
  Terence (D)
  2 adders (D)
  A giant centipede (D)
  An ufetubus (D)
  An adder zombie (D)
  2 giant geckos (D)
  An orc (D)
  2 bat zombies (D)
  A giant cockroach (D)
  A hobgoblin (D)
  A ball python (D)
  A hobgoblin skeleton (D)
  A rat zombie (D)
39 creatures vanquished.

Notes
Turn   | Place    | Note
--------------------------------------------------------------
     0 | D        | Daniel, the Human Fighter, began the quest for the Orb.
     0 | D        | Reached XP level 1. HP: 18/18 MP: 0/0
    51 | D        | Found a sparkling altar of Nemelex Xobeh.
    51 | D        | Found a shimmering altar of Xom.
    51 | D        | Found a deep blue altar of Sif Muna.
    51 | D        | Found a burning altar of Makhleb.
    51 | D        | Found an ancient bone altar of Kikubaaqudgha.
    51 | D        | Found a basalt altar of Yredelemnul.
    52 | D        | Found an iron altar of Okawaru.
    52 | D        | Found a roughly hewn altar of Beogh.
    52 | D        | Found a viscous altar of Jiyva.
    52 | D        | Found a corrupted altar of Lugonu.
    52 | D        | Found a glowing silver altar of Zin.
    52 | D        | Found a radiant altar of Vehumet.
    52 | D        | Found a blossoming altar of Fedhas.
    52 | D        | Found a snail-covered altar of Cheibriados.
    52 | D        | Found a white marble altar of Elyvilon.
    52 | D        | Found a bloodstained altar of Trog.
    52 | D        | Found a glowing golden altar of the Shining One.
    52 | D        | Found a shattered altar of Ashenzari.
    60 | D        | Became a worshipper of Warmaster Okawaru
    73 | D        | Noticed a worker ant
    85 | D        | Killed a worker ant
    85 | D        | Reached skill level 6 in Maces & Flails
    85 | D        | Reached XP level 2. HP: 9/24 MP: 1/1
    85 | D        | Reached XP level 3. HP: 11/30 MP: 2/2
   296 | D        | Reached skill level 7 in Maces & Flails
   299 | D        | Reached XP level 4. HP: 27/36 MP: 3/3
   770 | D        | Noticed a wight
   770 | D        | Noticed a wight
   783 | D        | HP: 1/36 [wight/great sword (6)]
   792 | D        | Killed a wight
   792 | D        | Reached skill level 8 in Maces & Flails
   800 | D        | Killed a wight
   800 | D        | Acquired Okawaru's first power
   800 | D        | Reached skill level 9 in Maces & Flails
   800 | D        | Reached XP level 5. HP: 25/41 MP: 4/4
   807 | D        | Reached skill level 10 in Maces & Flails
   938 | D        | Noticed Terence
   938 | D        | Noticed Purgy
   938 | D        | Noticed a wight
   938 | D        | Noticed a wight
   944 | D        | Noticed a water moccasin
   956 | D        | Killed Purgy
   956 | D        | Reached skill level 11 in Maces & Flails
   956 | D        | Reached XP level 6. HP: 48/48 MP: 2/5
   962 | D        | Killed Terence
   962 | D        | Reached skill level 12 in Maces & Flails
   965 | D        | Killed a wight
   969 | D        | Killed a water moccasin
   969 | D        | Reached skill level 13 in Maces & Flails
   970 | D        | Killed a wight
   970 | D        | Reached XP level 7. HP: 46/53 MP: 3/6
  1026 | D        | Noticed a smoke demon
  1038 | D        | Killed a smoke demon
  1038 | D        | Reached skill level 15 in Maces & Flails
  1189 | D        | Noticed an iguana
  1189 | D        | Noticed a sky beast
  1189 | D        | Noticed a sky beast
  1198 | D        | Killed a sky beast
  1198 | D        | Reached XP level 8. HP: 52/60 MP: 7/7
  1205 | D        | Killed a sky beast
  1212 | D        | Killed an iguana
  1288 | D        | Noticed a jumping spider
  1290 | D        | Noticed a hippogriff
  1308 | D        | Killed a hippogriff
  1308 | D        | Reached skill level 5 in Fighting
  1308 | D        | Reached skill level 5 in Armour
  1308 | D        | Reached skill level 5 in Shields
  1310 | D        | Killed a jumping spider
  1530 | D        | Noticed a cyclops
  1540 | D        | Noticed a griffon
  1550 | D        | Killed a cyclops
  1550 | D        | Reached XP level 9. HP: 27/70 MP: 8/8
  1562 | D        | Killed a griffon
  1757 | D        | Noticed an orc knight
  1757 | D        | Noticed an ogre
  1757 | D        | Noticed an orc warrior
  1757 | D        | Noticed an orc warrior
  1758 | D        | Noticed a hound
  1759 | D        | Noticed an orc warrior
  1783 | D        | Killed an orc warrior
  1784 | D        | Noticed an orc warrior
  1797 | D        | Killed an orc knight
  1805 | D        | Killed an orc warrior
  1807 | D        | Killed an ogre
  1815 | D        | Killed an orc warrior
  1815 | D        | Reached XP level 10. HP: 43/79 MP: 9/9
  1830 | D        | Killed an orc warrior
  1836 | D        | Killed a hound
  2042 | D        | Noticed a two-headed ogre
  2050 | D        | Killed a two-headed ogre
  2056 | D        | Noticed a red wasp
  2056 | D        | Noticed a flayed ghost
  2056 | D        | Noticed a jumping spider
  2057 | D        | Noticed Gastronok
  2074 | D        | Paralysed by a red wasp for 1 turns
  2081 | D        | HP: 2/80 [jumping spider (13)]
  2081 | D        | Slain by an ufetubus

Action                   |  1- 3 |  4- 6 |  7- 9 | 10-12 || total
-------------------------+-------+-------+-------+-------++-------
Melee: Mace              |    43 |     3 |       |       ||    46
       Flail             |       |    48 |   106 |    37 ||   191
Invok: Heroism           |       |     1 |     1 |       ||     2
  Use: Potion            |     1 |     4 |     2 |     4 ||    11
